[Event "Rated Blitz game"]
[Site "?"]
[Date "2021.05.10"]
[Round "?"]
[White "AliElier"]
[Black "LucMerguez"]
[Result "1-0"]
[ECO "C42"]
[WhiteElo "2338"]
[BlackElo "2405"]
[PlyCount "89"]
[EventDate "2021.??.??"]
[EventType "blitz"]
[TimeControl "180+2"]

1. e4 e5 2. Nf3 Nf6 3. Nxe5 d6 4. Nxf7 Kxf7 5. Nc3 c5 6. Bc4+ Be6 7. Bxe6+ Kxe6
8. d4 Kf7 9. O-O Nc6 10. d5 Nd4 11. Be3 g6 12. Bxd4 cxd4 13. Qxd4 Bg7 14. f4
Ng4 15. e5 Qb6 16. Qxb6 axb6 17. Nb5 Ne3 18. Nxd6+ Ke7 19. Rf2 Nxd5 20. a3 Nxf4
21. Rxf4 Bxe5 22. Re4 Kxd6 23. Rd1+ Ke6 24. Rde1 Ra5 25. b4 Rxa3 26. Rxe5+ Kd6
27. Re6+ Kd7 28. Rxb6 Kc7 29. Rf6 Rc3 30. Re7+ Kc8 31. Rff7 Rd8 32. h3 h5 33.
Rxb7 Rxc2 34. Ra7 Kb8 35. Rfb7+ Kc8 36. Ra8+ Kxb7 37. Rxd8 Kc7 38. Rg8 Rc6 39.
Kh2 h4 40. Kg1 Rc4 41. Rxg6 Rxb4 42. Rg4 Rxg4 43. hxg4 Kd6 44. Kh2 Ke5 45. Kh3
{Normal} 1-0

[Event "Rated Blitz game"]
[Site "?"]
[Date "2021.05.10"]
[Round "?"]
[White "ataberktr26"]
[Black "Voorzitter-HMC"]
[Result "0-1"]
[ECO "C42"]
[WhiteElo "2499"]
[BlackElo "2476"]
[PlyCount "82"]
[EventDate "2021.??.??"]
[EventType "blitz"]
[TimeControl "180"]

1. e4 e5 2. Nf3 Nf6 3. Nxe5 d6 4. Nxf7 Kxf7 5. Bc4+ d5 6. exd5 Bd6 7. O-O Bg4
8. f3 Bf5 9. Nc3 Re8 10. Ne4 Nbd7 11. d3 Kg8 12. Bg5 h6 13. Bh4 g5 14. Bg3 Bxg3
15. hxg3 Bxe4 16. dxe4 Kg7 17. Qd4 Ne5 18. Bb3 Qd6 19. f4 gxf4 20. gxf4 Ng6 21.
e5 Nxe5 22. fxe5 Qxe5 23. Qxe5 Rxe5 24. Rae1 Rae8 25. Rxe5 Rxe5 26. c4 Re2 27.
c5 Rxb2 28. Re1 Kf8 29. Kh2 Rd2 30. d6 cxd6 31. cxd6 Rxd6 32. Kg3 Rd7 33. Kf4
Re7 34. Rc1 Ne8 35. Rc8 Kg7 36. g4 Kf6 37. Ra8 a6 38. Rb8 Nd6 39. Rf8+ Nf7 40.
Bxf7 Rxf7 41. Rh8 Kg7+ {Normal} 0-1

[Event "Rated Blitz game"]
[Site "?"]
[Date "2021.05.09"]
[Round "?"]
[White "suslik76"]
[Black "Huljuttelija"]
[Result "1-0"]
[ECO "C42"]
[WhiteElo "2380"]
[BlackElo "2404"]
[PlyCount "29"]
[EventDate "2021.??.??"]
[EventType "blitz"]
[TimeControl "180"]

1. e4 e5 2. Nf3 Nf6 3. Nxe5 d6 4. Nxf7 Kxf7 5. d4 c5 6. Nc3 cxd4 7. Bc4+ d5 8.
Nxd5 Be6 9. O-O Nc6 10. Bg5 Be7 11. Bb3 Nxd5 12. exd5 Bxd5 13. Qf3+ Kg6 14.
Bxd5 Bxg5 15. Bf7+ {Normal} 1-0

[Event "Rated Blitz game"]
[Site "?"]
[Date "2021.05.09"]
[Round "?"]
[White "Doubleb17"]
[Black "YaYestGrut"]
[Result "1/2-1/2"]
[ECO "C42"]
[WhiteElo "2507"]
[BlackElo "2388"]
[PlyCount "103"]
[EventDate "2021.??.??"]
[EventType "blitz"]
[TimeControl "180"]

1. e4 e5 2. Nf3 Nf6 3. Nxe5 d6 4. Nxf7 Kxf7 5. Nc3 c5 6. d4 Nc6 7. d5 Nd4 8.
Be3 Ng4 9. Bxd4 cxd4 10. Qxd4 Qf6 11. Qxf6+ Nxf6 12. f3 Bd7 13. Nb5 a6 14. Nd4
Rc8 15. c4 g6 16. Bd3 Bg7 17. Ne2 b5 18. Rc1 bxc4 19. Rxc4 Bb5 20. Rxc8 Rxc8
21. Kd2 Bxd3 22. Kxd3 Nd7 23. b4 Ne5+ 24. Kd2 Nc4+ 25. Ke1 Ne3 26. Kf2 Nc4 27.
Rc1 Nb6 28. Rxc8 Nxc8 29. Ke3 Ke7 30. Kd3 Kd7 31. a4 Nb6 32. a5 Nc8 33. Nd4
Bxd4 34. Kxd4 Na7 35. f4 Nb5+ 36. Kc4 Ke7 37. e5 h5 38. g3 Na3+ 39. Kd3 Nb5 40.
h3 Kf7 41. g4 hxg4 42. hxg4 Ke7 43. e6 Kf6 44. g5+ Ke7 45. Ke4 Nc3+ 46. Kd4
Nb5+ 47. Ke3 Nc7 48. Ke4 Kf8 49. Kd4 Ke7 50. Ke4 Kf8 51. Kd4 Ke7 52. Ke4 {
Normal} 1/2-1/2

[Event "Rated Blitz game"]
[Site "?"]
[Date "2021.05.09"]
[Round "?"]
[White "onatog"]
[Black "uriberto"]
[Result "1-0"]
[ECO "C42"]
[WhiteElo "2538"]
[BlackElo "2418"]
[PlyCount "103"]
[EventDate "2021.??.??"]
[EventType "blitz"]
[TimeControl "300"]

1. e4 e5 2. Nf3 Nf6 3. Nxe5 d6 4. Nxf7 Kxf7 5. d4 c6 6. f3 g6 7. Be3 Bg7 8. c4
Rf8 9. Nc3 Kg8 10. Bd3 Nbd7 11. O-O c5 12. d5 Ne5 13. Be2 a6 14. a4 Bd7 15. Kh1
Qe7 16. Qd2 Rae8 17. Rae1 Nh5 18. f4 Ng4 19. Bg1 Qh4 20. Rf3 Bd4 21. g3 Qf6 22.
h3 Nh6 23. e5 dxe5 24. fxe5 Qxe5 25. Rxf8+ Rxf8 26. Bg4 Qxg3 27. Bxd7 Qf3+ 28.
Qg2 Ng3+ 29. Kh2 Nf1+ 30. Rxf1 Qxf1 31. Be6+ Kg7 32. Bxd4+ cxd4 33. Qxf1 Rxf1
34. Ne4 Nf7 35. d6 Nd8 36. Bd5 d3 37. Kg2 Rf4 38. Nd2 Rf6 39. c5 Rf5 40. Be4
Rxc5 41. Kf3 Rc2 42. Ke3 Rxb2 43. Bxd3 Rb6 44. Nc4 Rb4 45. a5 Rb5 46. Be4 Rb4
47. Kd3 Rb3+ 48. Kd4 Rxh3 49. Bd5 Rh4+ 50. Kc5 Rxc4+ 51. Kxc4 g5 52. Kd4 {
Time forfeit} 1-0

[Event "Rated Blitz game"]
[Site "?"]
[Date "2021.05.09"]
[Round "?"]
[White "Taltico"]
[Black "uriberto"]
[Result "0-1"]
[ECO "C42"]
[WhiteElo "2469"]
[BlackElo "2410"]
[PlyCount "96"]
[EventDate "2021.??.??"]
[EventType "blitz"]
[TimeControl "300"]

1. e4 e5 2. Nf3 Nf6 3. Nxe5 d6 4. Nxf7 Kxf7 5. d4 c6 6. Nc3 g6 7. Bc4+ d5 8.
exd5 cxd5 9. Nxd5 Nxd5 10. Qf3+ Kg7 11. Bxd5 Qf6 12. Bxb7 Qe7+ 13. Be4 Bb7 14.
d5 Bxd5 15. Qc3+ Kg8 16. f3 Bxe4 17. fxe4 Qxe4+ 18. Qe3 Qxe3+ 19. Bxe3 Nc6 20.
O-O Re8 21. Bf2 h6 22. Rae1 Re7 23. c3 Rhh7 24. b4 Rxe1 25. Rxe1 Re7 26. Rxe7
Bxe7 27. b5 Ne5 28. Bxa7 Kf7 29. Kf2 Ke6 30. h3 Kd5 31. Be3 Bc5 32. a4 Nc4 33.
Bxc5 Kxc5 34. Kf3 Kb6 35. g4 Ka5 36. Ke4 Kxa4 37. Kd5 Kxb5 38. Ke6 Nd2 39. Kf6
g5 40. Kg6 Kc4 41. Kxh6 Nf3 42. Kg6 Kxc3 43. Kf5 Kd2 44. Ke4 Ke2 45. h4 gxh4
46. g5 Nxg5+ 47. Kf4 Kf2 48. Kg4 h3 {Normal} 0-1

[Event "Rated Blitz tournament Fd7cuXS9"]
[Site "?"]
[Date "2021.05.09"]
[Round "?"]
[White "Schach_du_Nase"]
[Black "Kimster98"]
[Result "0-1"]
[ECO "C42"]
[WhiteElo "2514"]
[BlackElo "2673"]
[PlyCount "124"]
[EventDate "2021.??.??"]
[EventType "blitz"]
[TimeControl "180"]

1. e4 e5 2. Nf3 Nf6 3. Nxe5 d6 4. Nxf7 Kxf7 5. d4 c5 6. Nc3 cxd4 7. Qxd4 Nc6 8.
Bc4+ d5 9. Bxd5+ Nxd5 10. Qxd5+ Qxd5 11. Nxd5 Nb4 12. Nxb4 Bxb4+ 13. Bd2 Be7
14. Bc3 Be6 15. a3 Rac8 16. f3 Rhd8 17. Kf2 Bc5+ 18. Kg3 Bd4 19. Bxd4 Rxd4 20.
Rhd1 Rxd1 21. Rxd1 Rxc2 22. b4 Rc3 23. Ra1 Kf6 24. h4 h6 25. Kf4 g5+ 26. hxg5+
hxg5+ 27. Kg3 Ke5 28. a4 b6 29. a5 b5 30. Rh1 Rb3 31. Rh7 Rxb4 32. Rxa7 Ra4 33.
a6 Bc8 34. Rg7 Kf6 35. Rb7 Rxa6 36. Rxb5 Rc6 37. Rd5 Be6 38. Rb5 Bc4 39. Ra5
Rb6 40. Rf5+ Kg6 41. Rc5 Bf1 42. Kf2 Ba6 43. g4 Rb2+ 44. Kg3 Be2 45. Rf5 Rb3
46. Rf8 Bc4 47. Rf5 Be6 48. Re5 Kf6 49. Rc5 Bd7 50. Kf2 Ra3 51. Kg3 Be6 52. Rb5
Ra8 53. Kf2 Rc8 54. Kg3 Rc3 55. Kf2 Rc2+ 56. Kg3 Rc1 57. Rb6 Ke7 58. Rb5 Kf6
59. Rb6 Rd1 60. Rb5 Rd8 61. Rb6 Rc8 62. Rb5 Rc6 {Time forfeit} 0-1

[Event "Rated Blitz game"]
[Site "?"]
[Date "2021.05.09"]
[Round "?"]
[White "exmath"]
[Black "artiom1401"]
[Result "1-0"]
[ECO "C42"]
[WhiteElo "2306"]
[BlackElo "2410"]
[PlyCount "95"]
[EventDate "2021.??.??"]
[EventType "blitz"]
[TimeControl "180"]

1. e4 e5 2. Nf3 Nf6 3. Nxe5 d6 4. Nxf7 Kxf7 5. Nc3 g6 6. Bc4+ Be6 7. Bxe6+ Kxe6
8. d4 Kf7 9. O-O Be7 10. f4 Kg7 11. e5 dxe5 12. fxe5 Nd5 13. Qf3 Rf8 14. Qxd5
Qxd5 15. Nxd5 Rxf1+ 16. Kxf1 Bd8 17. Bg5 Nc6 18. Bxd8 Rxd8 19. Nxc7 Nxd4 20.
Rd1 Kh6 21. e6 Nxe6 22. Rxd8 Nxd8 23. Ke2 Kg5 24. Ke3 Kf5 25. Kd4 h5 26. c4 h4
27. b4 a6 28. b5 axb5 29. cxb5 g5 30. a4 g4 31. Kd5 Kf4 32. a5 h3 33. gxh3 gxh3
34. Ne6+ Nxe6 35. Kxe6 Kf3 36. a6 bxa6 37. bxa6 Kg2 38. a7 Kxh2 39. a8=Q Kg1
40. Qa1+ Kg2 41. Qb2+ Kg1 42. Qc1+ Kg2 43. Qd2+ Kg1 44. Qe1+ Kg2 45. Kf5 h2 46.
Kg4 h1=Q 47. Qe2+ Kg1 48. Kg3 {Normal} 1-0

[Event "Rated Blitz game"]
[Site "?"]
[Date "2021.05.09"]
[Round "?"]
[White "SrPopando"]
[Black "Chrobry1"]
[Result "0-1"]
[ECO "C42"]
[WhiteElo "2496"]
[BlackElo "2331"]
[PlyCount "34"]
[EventDate "2021.??.??"]
[EventType "blitz"]
[TimeControl "180+2"]

1. e4 e5 2. Nf3 Nf6 3. Nxe5 d6 4. Nxf7 Kxf7 5. Nc3 Be6 6. d4 Be7 7. Bd3 c6 8.
O-O Qc7 9. h3 Nbd7 10. f4 Kg8 11. e5 Nd5 12. Nxd5 Bxd5 13. c4 Bf7 14. Kh1 c5
15. d5 dxe5 16. fxe5 Nxe5 17. Bf4 Bd6 {Normal} 0-1

[Event "Rated Blitz game"]
[Site "?"]
[Date "2021.05.09"]
[Round "?"]
[White "Salov-2"]
[Black "uriberto"]
[Result "1-0"]
[ECO "C42"]
[WhiteElo "2279"]
[BlackElo "2418"]
[PlyCount "73"]
[EventDate "2021.??.??"]
[EventType "blitz"]
[TimeControl "300"]

1. e4 e5 2. Nf3 Nf6 3. Nxe5 d6 4. Nxf7 Kxf7 5. Nc3 c6 6. d4 g6 7. Bd3 Bg7 8.
O-O Rf8 9. f4 Kg8 10. e5 dxe5 11. dxe5 Nd5 12. Ne4 Qb6+ 13. Kh1 Ne3 14. Bxe3
Qxe3 15. Nd6 Be6 16. Rf3 Qb6 17. Bc4 Bxc4 18. Nxc4 Qc7 19. g3 Nd7 20. b4 Nb6
21. Nd6 Rad8 22. Rd3 Nd5 23. b5 Rxd6 24. exd6 Qxd6 25. Rb1 Qe6 26. Qf3 g5 27.
c4 Nc3 28. Rc1 Ne2 29. Re1 Nxg3+ 30. Qxg3 Qxc4 31. Rd7 Qxf4 32. Qxf4 gxf4 33.
Ree7 Bf6 34. Re4 f3 35. Rf4 Bd4 36. Rxf8+ Kxf8 37. Rxd4 {Normal} 1-0

[Event "Rated Blitz game"]
[Site "?"]
[Date "2021.05.08"]
[Round "?"]
[White "Higrodynamic"]
[Black "Soledadense"]
[Result "0-1"]
[ECO "C42"]
[WhiteElo "2425"]
[BlackElo "2371"]
[PlyCount "60"]
[EventDate "2021.??.??"]
[EventType "blitz"]
[TimeControl "180"]

1. e4 e5 2. Nf3 Nf6 3. Nxe5 d6 4. Nxf7 Kxf7 5. d4 c6 6. Nc3 Be7 7. Bd3 Rf8 8.
O-O Kg8 9. f4 Be6 10. h3 Nbd7 11. Be3 Kh8 12. Qe2 Qe8 13. Rae1 Bd8 14. g4 Ba5
15. Qg2 d5 16. e5 Ne4 17. Bxe4 dxe4 18. f5 Bd5 19. g5 Nxe5 20. dxe5 Qxe5 21.
Qh2 Bxc3 22. bxc3 Rxf5 23. Rxf5 Qxf5 24. Rf1 Qg6 25. Qe5 h6 26. h4 hxg5 27.
hxg5 Re8 28. Qc7 Qh5 29. Rf4 Qd1+ 30. Kg2 Qe2+ {Normal} 0-1

[Event "Rated Blitz game"]
[Site "?"]
[Date "2021.05.06"]
[Round "?"]
[White "ninamon"]
[Black "uriberto"]
[Result "1-0"]
[ECO "C42"]
[WhiteElo "2363"]
[BlackElo "2412"]
[PlyCount "53"]
[EventDate "2021.??.??"]
[EventType "blitz"]
[TimeControl "300"]

1. e4 e5 2. Nf3 Nf6 3. Nxe5 d6 4. Nxf7 Kxf7 5. d4 c6 6. Nc3 g6 7. f4 Bg7 8. Bd3
Qb6 9. e5 Re8 10. Ne2 Nd5 11. O-O dxe5 12. fxe5+ Kg8 13. Kh1 Bg4 14. c3 Nd7 15.
h3 Bxe2 16. Qxe2 Nf8 17. a3 Ne6 18. Bd2 Nxd4 19. cxd4 Qxd4 20. e6 Qxb2 21. Rab1
Qxa3 22. Rxb7 Re7 23. Rf7 Rae8 24. Qf3 Qa1+ 25. Bf1 Qe5 26. Rbxe7 Rxe7 27. Rxe7
{Time forfeit} 1-0

[Event "Rated Blitz game"]
[Site "?"]
[Date "2021.05.06"]
[Round "?"]
[White "ataberktr26"]
[Black "PepsiX3"]
[Result "1-0"]
[ECO "C42"]
[WhiteElo "2430"]
[BlackElo "2287"]
[PlyCount "97"]
[EventDate "2021.??.??"]
[EventType "blitz"]
[TimeControl "180"]

1. e4 e5 2. Nf3 Nf6 3. Nxe5 d6 4. Nxf7 Kxf7 5. Bc4+ Be6 6. Bxe6+ Kxe6 7. O-O
Be7 8. d4 Kf7 9. Nc3 Rf8 10. f4 Kg8 11. e5 dxe5 12. fxe5 Nd5 13. Rxf8+ Bxf8 14.
Ne4 Nc6 15. c3 Qh4 16. Qe2 h6 17. g3 Qe7 18. Bd2 Nb6 19. Qg4 Rd8 20. Bxh6 Nxe5
21. dxe5 Qxe5 22. Rf1 Nd7 23. Bg5 Be7 24. Bxe7 Qxe7 25. Ng5 Nf6 26. Qe6+ Qxe6
27. Nxe6 Rd2 28. Rf2 Rd1+ 29. Kg2 Re1 30. Nf4 Ng4 31. Re2 Ra1 32. a3 Nf6 33. c4
a6 34. Re7 Rb1 35. Rxc7 Rxb2+ 36. Kf3 Rb3+ 37. Ke2 Ne4 38. Ne6 Nc3+ 39. Kd2
Ne4+ 40. Kc2 Rxa3 41. Kb2 Rf3 42. Rxg7+ Kh8 43. Rxb7 Rf2+ 44. Ka3 Rxh2 45. Rb8+
Kh7 46. Nf4 Rh3 47. Rb7+ Kg8 48. Nxh3 Nxg3 49. Rb8+ {Time forfeit} 1-0

[Event "Rated Blitz game"]
[Site "?"]
[Date "2021.05.06"]
[Round "?"]
[White "CaraMia"]
[Black "patrionix31"]
[Result "0-1"]
[ECO "C42"]
[WhiteElo "2453"]
[BlackElo "2446"]
[PlyCount "52"]
[EventDate "2021.??.??"]
[EventType "blitz"]
[TimeControl "180"]

1. e4 e5 2. Nf3 Nf6 3. Nxe5 d6 4. Nxf7 Kxf7 5. Bc4+ Be6 6. Qe2 Qe7 7. O-O Nc6
8. Bd3 g6 9. f4 Bg4 10. Qf2 Bg7 11. h3 Nxe4 12. Qe1 Bd4+ 13. Kh2 Bf5 14. Bc4+
Kf8 15. c3 Bf6 16. d4 Bh4 17. Qe3 Bg3+ 18. Kh1 Re8 19. Qf3 h5 20. Bd5 h4 21.
Na3 Nf6 22. Bc4 Qe4 23. Qd1 Bxh3 24. Qc2 Bf5 25. Qxe4 Bxe4 26. Kg1 h3 {Time
forfeit} 0-1

[Event "Rated Blitz game"]
[Site "?"]
[Date "2021.05.06"]
[Round "?"]
[White "Chessibague"]
[Black "Jakob19"]
[Result "0-1"]
[ECO "C42"]
[WhiteElo "2423"]
[BlackElo "2473"]
[PlyCount "44"]
[EventDate "2021.??.??"]
[EventType "blitz"]
[TimeControl "180"]

1. e4 e5 2. Nf3 Nf6 3. Nxe5 d6 4. Nxf7 Kxf7 5. Nc3 c5 6. Bc4+ Be6 7. Qe2 Qe8 8.
O-O Nc6 9. f4 Bxc4 10. Qxc4+ Qe6 11. Qb5 Qd7 12. e5 dxe5 13. fxe5 Nxe5 14. Qe2
Bd6 15. Nd5 Neg4 16. h3 Bh2+ 17. Kh1 Qxd5 18. Qxg4 Bc7 19. d3 h6 20. Rf5 Qe6
21. Qh5+ Kg8 22. Qg6 Qe1+ {Normal} 0-1

[Event "Rated Blitz game"]
[Site "?"]
[Date "2021.05.06"]
[Round "?"]
[White "MagnusPalmi"]
[Black "Rieckxsz"]
[Result "1-0"]
[ECO "C42"]
[WhiteElo "2409"]
[BlackElo "2384"]
[PlyCount "45"]
[EventDate "2021.??.??"]
[EventType "blitz"]
[TimeControl "180+2"]

1. e4 e5 2. Nf3 Nf6 3. Nxe5 d6 4. Nxf7 Kxf7 5. d4 c5 6. Bc4+ Be6 7. d5 Bg4 8.
f3 Bd7 9. a4 Be7 10. e5 dxe5 11. d6+ Be6 12. Bxe6+ Kxe6 13. dxe7 Qxd1+ 14. Kxd1
Nc6 15. c3 Nxe7 16. Be3 Rhd8+ 17. Kc2 b6 18. Nd2 Ned5 19. Rhe1 Nxe3+ 20. Rxe3
Nd5 21. Re4 Kf5 22. Nc4 Re8 23. Nd6+ {Normal} 1-0

[Event "Rated Blitz game"]
[Site "?"]
[Date "2021.05.05"]
[Round "?"]
[White "Mazacrola"]
[Black "Webbimio"]
[Result "1-0"]
[ECO "C42"]
[WhiteElo "2494"]
[BlackElo "2404"]
[PlyCount "47"]
[EventDate "2021.??.??"]
[EventType "blitz"]
[TimeControl "180"]

1. e4 e5 2. Nf3 Nf6 3. Nxe5 d6 4. Nxf7 Kxf7 5. Nc3 Be7 6. d4 Re8 7. Bc4+ Be6 8.
d5 Bg4 9. f3 Bc8 10. O-O Kg8 11. Kh1 Nbd7 12. a4 Ne5 13. Be2 Bd7 14. b3 Bf8 15.
Bg5 Be7 16. Be3 c6 17. a5 cxd5 18. Nxd5 Bc6 19. Nxe7+ Qxe7 20. c4 Kh8 21. Qd2
Nh5 22. Rad1 Qh4 23. Kg1 Rad8 24. Bg5 {Normal} 1-0

[Event "Rated Blitz game"]
[Site "?"]
[Date "2021.05.05"]
[Round "?"]
[White "luffy77"]
[Black "gambitodorei"]
[Result "0-1"]
[ECO "C42"]
[WhiteElo "2408"]
[BlackElo "2379"]
[PlyCount "114"]
[EventDate "2021.??.??"]
[EventType "blitz"]
[TimeControl "180"]

1. e4 e5 2. Nf3 Nf6 3. Nxe5 d6 4. Nxf7 Kxf7 5. Bc4+ Be6 6. Bxe6+ Kxe6 7. Nc3
Kf7 8. O-O Be7 9. d4 Rf8 10. f4 Kg8 11. Qf3 c6 12. Be3 Na6 13. Rad1 Nc7 14. Qh3
Qd7 15. f5 Rae8 16. e5 dxe5 17. dxe5 Nfd5 18. Ne4 Qc8 19. Bd4 b6 20. c4 Nb4 21.
a3 c5 22. Bc3 Nc6 23. g4 Bd8 24. Nd6 Qd7 25. e6 Qe7 26. Nxe8 Nxe8 27. Rd7 Qg5
28. Qg2 Bf6 29. Bxf6 Nxf6 30. Qxc6 Qxg4+ 31. Qg2 Qxg2+ 32. Kxg2 Nxd7 33. exd7
Rd8 34. Rd1 Kf8 35. Kf3 Ke7 36. Kf4 Rxd7 37. Rxd7+ Kxd7 38. f6 gxf6 39. Kf5 Ke7
40. h4 Kf7 41. h5 Ke7 42. b4 cxb4 43. axb4 a5 44. c5 axb4 45. cxb6 Kd6 46. Kxf6
b3 47. Kg7 b2 48. Kxh7 b1=Q+ 49. Kg7 Qxb6 50. h6 Qc7+ 51. Kg8 Qc4+ 52. Kg7 Qg4+
53. Kh8 Qh5 54. h7 Qh6 55. Kg8 Qg6+ 56. Kh8 Qf6+ 57. Kg8 Ke7 {Time forfeit} 0-1

[Event "Rated Blitz game"]
[Site "?"]
[Date "2021.05.05"]
[Round "?"]
[White "chaguito89"]
[Black "Ihsan_Kilic"]
[Result "1-0"]
[ECO "C42"]
[WhiteElo "2407"]
[BlackElo "2388"]
[PlyCount "125"]
[EventDate "2021.??.??"]
[EventType "blitz"]
[TimeControl "180"]

1. e4 e5 2. Nf3 Nf6 3. Nxe5 d6 4. Nxf7 Kxf7 5. d4 c5 6. Bc4+ Be6 7. d5 Bc8 8.
Nc3 Be7 9. O-O Rf8 10. f4 Kg8 11. e5 Ne8 12. Be3 Kh8 13. e6 a6 14. a4 Nf6 15.
f5 b6 16. g4 h6 17. Qf3 Nh7 18. Qg3 Bb7 19. Rae1 Bh4 20. Qg2 Bxe1 21. Rxe1 Qe7
22. Qg3 b5 23. axb5 axb5 24. Nxb5 Ba6 25. Nxd6 Bxc4 26. Nxc4 Na6 27. c3 Ng5 28.
h4 Ne4 29. Qe5 Qxh4 30. Kf1 Qh3+ 31. Ke2 Qxg4+ 32. Kd3 Ng3 33. Bxh6 Qxf5+ 34.
Qxf5 Nxf5 35. Bg5 Rfe8 36. d6 Kh7 37. e7 Nb8 38. Ne5 Nxd6 39. Rh1+ Kg8 40. Rf1
Nd7 41. Nxd7 Ra7 42. Ne5 c4+ 43. Kc2 Raxe7 44. Bxe7 Rxe7 45. Ng6 Re2+ 46. Kc1
Re8 47. Rf3 Ne4 48. Re3 Re6 49. Rxe4 Rxg6 50. Rf4 Kh7 51. Rf1 Rh6 52. Kb1 Rh2
53. Ka2 Rh3 54. Ka3 Rh4 55. Kb4 Rh5 56. Rf2 Rh6 57. Rf3 Rh5 58. Re3 Rh6 59.
Kxc4 Rc6+ 60. Kd3 Rb6 61. Kc2 Rd6 62. Re4 Rb6 63. Rh4+ {Time forfeit} 1-0

[Event "Rated Blitz game"]
[Site "?"]
[Date "2021.05.05"]
[Round "?"]
[White "Doubleb17"]
[Black "Sinwa18"]
[Result "1-0"]
[ECO "C42"]
[WhiteElo "2482"]
[BlackElo "2351"]
[PlyCount "39"]
[EventDate "2021.??.??"]
[EventType "blitz"]
[TimeControl "180"]

1. e4 e5 2. Nf3 Nf6 3. Nxe5 d6 4. Nxf7 Kxf7 5. Nc3 c5 6. d4 cxd4 7. Qxd4 Nc6 8.
Bc4+ Be6 9. Bxe6+ Kxe6 10. Qc4+ Kd7 11. Bf4 Rc8 12. O-O-O Kc7 13. e5 Ne8 14.
Nb5+ Kb8 15. exd6 Qd7 16. Rhe1 a6 17. Nc7 Bxd6 18. Nxe8 Rhxe8 19. Rxe8 Rxe8 20.
Rxd6 {Normal} 1-0

[Event "Rated Blitz game"]
[Site "?"]
[Date "2021.05.04"]
[Round "?"]
[White "Schach_du_Nase"]
[Black "adnansendur"]
[Result "1-0"]
[ECO "C42"]
[WhiteElo "2454"]
[BlackElo "2424"]
[PlyCount "27"]
[EventDate "2021.??.??"]
[EventType "blitz"]
[TimeControl "180"]

1. e4 e5 2. Nf3 Nf6 3. Nxe5 d6 4. Nxf7 Kxf7 5. d4 Qe8 6. f3 c5 7. c3 cxd4 8.
cxd4 Nc6 9. Nc3 g6 10. Bg5 Be7 11. Qd2 Ng8 12. Bc4+ Kg7 13. Be3 Nf6 14. Bh6# {
Normal} 1-0

[Event "Rated Blitz game"]
[Site "?"]
[Date "2021.05.03"]
[Round "?"]
[White "Berovski"]
[Black "gambitodorei"]
[Result "1-0"]
[ECO "C42"]
[WhiteElo "2380"]
[BlackElo "2426"]
[PlyCount "111"]
[EventDate "2021.??.??"]
[EventType "blitz"]
[TimeControl "180"]

1. e4 e5 2. Nf3 Nf6 3. Nxe5 d6 4. Nxf7 Kxf7 5. Bc4+ Be6 6. Bxe6+ Kxe6 7. O-O
Nc6 8. d4 Kf7 9. Nc3 Be7 10. f4 Rf8 11. e5 Ne8 12. d5 dxe5 13. dxc6 Bc5+ 14.
Kh1 Qxd1 15. Nxd1 bxc6 16. fxe5+ Ke6 17. Rxf8 Bxf8 18. Bf4 g6 19. Nf2 Ng7 20.
Nd3 Rd8 21. g4 Rd4 22. Kg2 c5 23. Kf3 h5 24. h3 hxg4+ 25. hxg4 c4 26. Nf2 Kd5
27. c3 Rxf4+ 28. Kxf4 Ne6+ 29. Kf3 Ng5+ 30. Kg3 Bc5 31. Rd1+ Kxe5 32. Rd7 Bd6
33. Kg2 Ne6 34. Rh7 Kf4 35. Rh8 Ke3 36. Ra8 Nf4+ 37. Kf1 Kf3 38. Rxa7 Ne2 39.
Ra4 Ng3+ 40. Ke1 Kg2 41. Rxc4 Nf1 42. Re4 Ng3 43. Re6 Kf3 44. Rf6+ Ke3 45. Rxg6
Ne4 46. Nxe4 Kxe4 47. Rxd6 cxd6 48. a4 Kf4 49. a5 Kxg4 50. a6 Kf4 51. a7 Ke4
52. a8=Q+ Kf4 53. Qd5 Kg3 54. Ke2 Kh2 55. Kf2 Kh3 56. Qh5# {Normal} 1-0

[Event "Rated Blitz game"]
[Site "?"]
[Date "2021.05.03"]
[Round "?"]
[White "dmarkanna"]
[Black "SuperDonald"]
[Result "0-1"]
[ECO "C42"]
[WhiteElo "2495"]
[BlackElo "2440"]
[PlyCount "52"]
[EventDate "2021.??.??"]
[EventType "blitz"]
[TimeControl "180"]

1. e4 e5 2. Nf3 Nf6 3. Nxe5 d6 4. Nxf7 Kxf7 5. d4 c5 6. dxc5 d5 7. Bc4 Be6 8.
O-O Nc6 9. exd5 Bxd5 10. Bxd5+ Qxd5 11. Be3 Qxd1 12. Rxd1 Ng4 13. Rd7+ Ke6 14.
Rxb7 Nxe3 15. fxe3 Bxc5 16. Nc3 Rab8 17. Rxg7 Rxb2 18. Ne4 Bxe3+ 19. Kh1 Rhb8
20. g3 Ne5 21. Rxh7 Rxc2 22. Re1 Rc1 23. Rxc1 Bxc1 24. Kg2 Rb2+ 25. Kh3 Rxa2
26. Rh6+ Bxh6 {Normal} 0-1

[Event "Rated Blitz game"]
[Site "?"]
[Date "2021.05.03"]
[Round "?"]
[White "Carlseng"]
[Black "semnik"]
[Result "1-0"]
[ECO "C42"]
[WhiteElo "2449"]
[BlackElo "2421"]
[PlyCount "49"]
[EventDate "2021.??.??"]
[EventType "blitz"]
[TimeControl "180"]

1. e4 e5 2. Nf3 Nf6 3. Nxe5 d6 4. Nxf7 Kxf7 5. Bc4+ Be6 6. Bxe6+ Kxe6 7. d4 c6
8. O-O Kd7 9. e5 Nd5 10. c4 Nb6 11. exd6 Nxc4 12. Qg4+ Kxd6 13. Bf4+ Ne5 14.
dxe5+ Kc7 15. e6+ Kb6 16. Rd1 Qf6 17. Nc3 Na6 18. Na4+ Ka5 19. Bd2+ Bb4 20.
Bxb4+ Nxb4 21. a3 Nd5 22. Rxd5+ b5 23. Qb4+ Ka6 24. Nc5+ Kb6 25. Nd7+ {Normal}
1-0

[Event "Rated Blitz game"]
[Site "?"]
[Date "2021.05.03"]
[Round "?"]
[White "mared2"]
[Black "sarenka_czaruje_69"]
[Result "1-0"]
[ECO "C42"]
[WhiteElo "2360"]
[BlackElo "2411"]
[PlyCount "83"]
[EventDate "2021.??.??"]
[EventType "blitz"]
[TimeControl "180"]

1. e4 e5 2. Nf3 Nf6 3. Nxe5 d6 4. Nxf7 Kxf7 5. d4 c5 6. dxc5 Qa5+ 7. Nc3 Qxc5
8. Be3 Qb4 9. Rb1 Be6 10. a3 Qa5 11. f3 Nc6 12. Bd3 Be7 13. O-O Rhf8 14. h3 Kg8
15. f4 Rad8 16. Bf2 a6 17. g4 Nd7 18. Qe2 Rxf4 19. Bc4 Bxc4 20. Qxc4+ Kh8 21.
Be3 Rxf1+ 22. Rxf1 Nde5 23. Qe6 Qc7 24. Qb3 Qd7 25. Kh2 Rf8 26. Rxf8+ Bxf8 27.
Nd5 Na5 28. Qc3 Nac4 29. Bf4 Qc6 30. a4 b6 31. b3 Na3 32. Bxe5 Qxc3 33. Bxc3
Nxc2 34. Nxb6 Kg8 35. Kg3 Kf7 36. Kf4 Ke6 37. Nd5 h6 38. h4 g5+ 39. hxg5 hxg5+
40. Kxg5 Be7+ 41. Kg6 Bd8 42. Nf4+ {Time forfeit} 1-0

[Event "Rated Rapid game"]
[Site "?"]
[Date "2021.05.02"]
[Round "?"]
[White "Piesag"]
[Black "MARCO2020"]
[Result "0-1"]
[ECO "C42"]
[WhiteElo "2362"]
[BlackElo "2409"]
[PlyCount "52"]
[EventDate "2021.??.??"]
[EventType "rapid"]
[TimeControl "600"]

1. e4 e5 2. Nf3 Nf6 3. Nxe5 d6 4. Nxf7 Kxf7 5. d4 c5 6. dxc5 Nc6 7. Bc4+ Be6 8.
Bxe6+ Kxe6 9. O-O dxc5 10. Qe2 Kf7 11. Qc4+ Kg6 12. f4 Qd4+ 13. Qxd4 Nxd4 14.
e5 Nxc2 15. exf6 Nxa1 16. Na3 c4 17. fxg7 Bc5+ 18. Kh1 Rhe8 19. Bd2 Bxa3 20.
bxa3 Re2 21. Bc3 Nc2 22. f5+ Kf7 23. Rd1 Re3 24. Rd7+ Kg8 25. Bd2 Rd3 26. f6
Rxd7 {Normal} 0-1

[Event "Rated Blitz tournament 8NVpaSt7"]
[Site "?"]
[Date "2021.05.02"]
[Round "?"]
[White "fkw007"]
[Black "Centellla0503"]
[Result "1-0"]
[ECO "C42"]
[WhiteElo "2406"]
[BlackElo "2313"]
[PlyCount "63"]
[EventDate "2021.??.??"]
[EventType "blitz"]
[TimeControl "180+2"]

1. e4 e5 2. Nf3 Nf6 3. Nxe5 d6 4. Nxf7 Kxf7 5. Bc4+ d5 6. Bb3 Be6 7. e5 Ne4 8.
Qf3+ Kg8 9. Qxe4 Nc6 10. Nc3 Ne7 11. d4 h5 12. Qe2 c6 13. O-O Nf5 14. Be3 Qh4
15. Rad1 Be7 16. Qf3 Rf8 17. g3 Qh3 18. Qg2 Qg4 19. f3 Qg6 20. Bf2 h4 21. Ne2
h3 22. Qh1 Nh4 23. Be3 Ng2 24. Bc1 c5 25. dxc5 Bxc5+ 26. Nd4 Rh5 27. Rf2 Bxd4
28. Rxd4 Rhf5 29. f4 Qg4 30. c3 g5 31. Bd1 Rxe5 32. fxe5 {Time forfeit} 1-0

[Event "Rated Blitz game"]
[Site "?"]
[Date "2021.05.02"]
[Round "?"]
[White "Melladov"]
[Black "SNOEBE"]
[Result "1-0"]
[ECO "C42"]
[WhiteElo "2709"]
[BlackElo "2498"]
[PlyCount "39"]
[EventDate "2021.??.??"]
[EventType "blitz"]
[TimeControl "300"]

1. e4 e5 2. Nf3 Nf6 3. Nxe5 d6 4. Nxf7 Kxf7 5. d4 Qe8 6. Nc3 c5 7. Bc4+ Be6 8.
Nd5 Bxd5 9. Bxd5+ Nxd5 10. Qh5+ g6 11. Qxd5+ Kg7 12. dxc5 dxc5 13. Qxb7+ Nd7
14. Bd2 Be7 15. Bc3+ Bf6 16. O-O-O Rd8 17. Bxf6+ Kxf6 18. Rd6+ Ke7 19. Rhd1 Rf8
20. e5 {Normal} 1-0